 Dungeon Crawl Stone Soup version 0.24.0-123-gd5b16e6ec5 (webtiles) character file.

Game seed: 12075876291414109015, levelgen mode: deterministic

6252 Delamore the Cleaver (level 11, -9/95 HPs)
             Began as a Formicid Fighter on Jan 10, 2020.
             Was a High Priest of Okawaru.
             Mangled by a two-headed ogre
             ... wielding a +0 giant club
              (16 damage)
             ... on level 8 of the Dungeon.
             The game lasted 00:11:42 (9096 turns).

Delamore the Cleaver (Formicid Fighter)             Turns: 9096, Time: 00:11:43

Health: -9/95      AC: 10    Str: 25    XL:     11   Next: 15%
Magic:  11/11      EV:  6    Int:  7    God:    Okawaru [*****.]
Gold:   412        SH:  9    Dex: 10    Spells: 10/10 levels left

rFire    + . .     SeeInvis +   a - +1 war axe
rCold    . . .     Gourm    .   c - +0 shield
rNeg     . . .     Faith    +   q - +1 chain mail {MR+}
rPois    .         Spirit   .   (helmet unavailable)
rElec    .         Reflect  .   (no cloak)
rCorr    .         Harm     .   (no gloves)
MR       ++...                  (no boots)
Stlth    ..........             r - amulet of faith
HPRegen  0.25/turn              (no ring)
MPRegen  0.12/turn              y - ring of protection from fire

@: studying Ice Magic
A: permanent stasis, dig shafts and tunnels, four strong arms, antennae 3
a: Dig, Shaft Self, Heroism, Finesse, Renounce Religion


You were on level 8 of the Dungeon.
You worshipped Okawaru.
Okawaru was extremely pleased with you.
You were not hungry.

You visited 2 branches of the dungeon, and saw 10 of its levels.

You collected 412 gold pieces.

Inventory:

Hand Weapons
 a - a +1 war axe (weapon)
 I - a +1 antimagic hand axe
Missiles
 b - 8 javelins (quivered)
 C - 2 throwing nets
Armour
 c - a +0 shield (worn)
 q - a +1 chain mail of magic resistance (worn)
Jewellery
 o - an uncursed ring of magical power
 r - an amulet of faith (around neck)
 y - a ring of protection from fire (right hand)
 F - an uncursed ring of fire
Wands
 l - a wand of iceblast (6)
 B - a wand of digging (4)
 E - a wand of flame (16)
 G - a wand of acid (9)
Scrolls
 d - a scroll of magic mapping {unknown}
 e - 2 scrolls of blinking {unknown}
 h - a scroll of enchant weapon
 i - 12 scrolls of identify
 j - 3 scrolls of immolation
 m - 6 scrolls of remove curse
 s - 2 scrolls of teleportation
 t - 2 scrolls of amnesia
 x - a scroll of fog
 A - 4 scrolls of fear {unknown}
 D - a scroll of vulnerability {unknown}
Potions
 g - a potion of haste {unknown}
 k - 2 potions of curing
 n - 3 potions of agility
 p - a potion of heal wounds
 u - a potion of ambrosia {unknown}
 v - a potion of degeneration {unknown}
 w - a potion of cancellation {unknown}
 z - a potion of mutation {unknown}
 J - a potion of flight {unknown}
Books
 H - a manual of Ice Magic
Comestibles
 f - 16 rations


   Skills:
 + Level 11.7 Fighting
 + Level 12.2 Axes
 - Level 3.2 Armour
 - Level 3.6 Shields


You had 10 spell levels left.
You didn't know any spells.
Your spell library contained the following spells:

 Spells                   Type           Power        Failure   Level  Hunger
 Beastly Appendage        Tmut           #.....       100%        1    ##.....
 Sticks to Snakes         Tmut           #.......     100%        2    ###....
 Spider Form              Tmut/Pois      #.........   100%        3    ####...
 Ice Form                 Ice/Tmut       #.......     100%        4    #####..
 Blade Hands              Tmut           #.........   100%        5    ######.


Dungeon Overview and Level Annotations

Branches:
Dungeon (9/15)             Temple (1/1) D:6
   Lair: D:8-11         Orc: D:9-12

Altars:
Ashenzari
Cheibriados
Dithmenos
Elyvilon
Fedhas
Gozag
Hepliaklqana
Kikubaaqudgha
Makhleb
Nemelex Xobeh
Okawaru
Qazlal
Ru
Sif Muna
Trog
Uskayaw
Vehumet
Wu Jian
Xom
Yredelemnul
Zin
The Shining One

Shops:
D:4 [


Innate Abilities, Weirdness & Mutations

You cannot be hasted, slowed, berserked, paralysed or teleported.
You can dig through walls and to a lower floor.
Your four strong arms can wield two-handed weapons with a shield.
You have a pair of large antennae on your head. (SInv)


Message History

The two-headed ogre hits you but does no damage.
The two-headed ogre hits you with a +0 giant club!
* * * LOW HITPOINT WARNING * * *
You feel much better. You block the two-headed ogre's attack.
The two-headed ogre hits you with a +0 giant club!
* * * LOW HITPOINT WARNING * * *
You barely miss the two-headed ogre.
The two-headed ogre is heavily wounded.
You barely miss the two-headed ogre.
The two-headed ogre is heavily wounded.
You block the two-headed ogre's attack. The two-headed ogre barely misses you.
You slash the two-headed ogre!
The two-headed ogre is severely wounded.
You block the two-headed ogre's attack.
The two-headed ogre hits you with a +0 giant club!
* * * LOW HITPOINT WARNING * * *
You slash the two-headed ogre!
The two-headed ogre is almost dead.
The two-headed ogre hits you with a +0 giant club!
You die...

#.####......
#..........#
#########... #...#
##.### ###..# #######
###...## ##....O##
####...###
##.)...@.###....### ##
#............#### ###.
#........).### ###...
#.........## #####.....
#.........#####.....####
#.........#.......###
##..........###..##
#.........#####.##
#...............#


You could see a two-headed ogre.

Vanquished Creatures
  Pikel (D:8)
  A troll (D:8)
  A hippogriff (D:8)
  A spriggan (D:7)
  5 humans (D:6)
  A yak (D:4)
  A hungry ghost (D:9)
  Duvessa (D:6)
  3 sky beasts
  3 ice beasts
  3 orc warriors
  A phantom (D:9)
  5 ogres
  2 centaurs
  A crocodile (D:4)
  A big kobold (D:9)
  Blork the orc (D:6)
  4 bullfrogs
  A gnoll sergeant (D:9)
  A scorpion (D:7)
  Dowan (D:6)
  An oklob sapling (D:6)
  5 wights (D:7)
  2 howler monkeys
  3 crimson imps
  3 orc priests
  6 hounds
  An iron imp (D:7)
  2 bullfrog skeletons
  9 orc wizards
  3 centaur skeletons
  4 iguanas
  Ijyb (D:3)
  Terence (D:3)
  6 worker ants
  A hound skeleton (D:7)
  3 worker ant zombies
  18 adders
  14 gnolls
  3 shadow imps
  An ooze (D:3)
  2 worms
  6 dart slugs
  9 leopard geckos
  33 orcs
  A bat zombie (D:3)
  7 giant cockroaches
  15 goblins
  15 hobgoblins
  11 jackals
  22 kobolds
  3 quokkas
  8 bats
  5 frilled lizards
  A jackal skeleton (D:4)
  2 leopard gecko skeletons
  A leopard gecko zombie (D:6)
  6 rats
  A rat zombie (D:3)
  3 plants (D:6)
277 creatures vanquished.

Vanquished Creatures (others)
  An ogre (D:8)
  A gnoll sergeant (D:8)
  3 gnolls (D:8)
  A shadow imp (D:8)
  2 goblins
  A hobgoblin (D:2)
  A kobold (D:2)
  A frilled lizard (D:3)
  2 plants (D:6)
  4 toadstools (D:1)
17 creatures vanquished.

Grand Total: 294 creatures vanquished

Notes
Turn   | Place    | Note
-------+----------+-------------------------------------------
     0 | D:1      | Delamore the Formicid Fighter began the quest for the Orb.
     0 | D:1      | Reached XP level 1. HP: 18/18 MP: 1/1
   273 | D:1      | Reached XP level 2. HP: 23/24 MP: 2/2
   302 | D:1      | Reached skill level 3 in Axes
   323 | D:1      | Reached XP level 3. HP: 29/29 MP: 3/3
   872 | D:2      | Reached skill level 4 in Axes
   872 | D:2      | Reached XP level 4. HP: 26/35 MP: 4/4
   876 | D:2      | Found a shadowy altar of Dithmenos.
  1053 | D:2      | Found a glowing golden altar of the Shining One.
  1204 | D:2      | Reached XP level 5. HP: 41/41 MP: 5/5
  1477 | D:3      | Reached skill level 5 in Axes
  1482 | D:3      | Noticed Terence
  1489 | D:3      | Killed Terence
  1764 | D:3      | Found a white marble altar of Elyvilon.
  1804 | D:3      | Reached XP level 6. HP: 47/47 MP: 6/6
  1810 | D:3      | Noticed Ijyb
  1830 | D:3      | Killed Ijyb
  1830 | D:3      | Reached skill level 6 in Axes
  2080 | D:3      | Found an ancient bone altar of Kikubaaqudgha.
  2768 | D:4      | You fall into a shaft and drop 2 floors!
  2778 | D:6      | Reached XP level 7. HP: 44/53 MP: 7/7
  2823 | D:6      | Found a staircase to the Ecumenical Temple.
  2853 | D:6      | Noticed Dowan
  2854 | D:6      | Noticed a human
  2857 | D:6      | Noticed Duvessa
  2858 | D:6      | Noticed a human
  2861 | D:6      | Noticed a human
  2863 | D:6      | Noticed a human
  2864 | D:6      | Killed Dowan
  2864 | D:6      | Reached skill level 7 in Axes
  2894 | D:6      | Killed Duvessa
  2899 | D:6      | Killed a human
  2899 | D:6      | Reached skill level 5 in Fighting
  2901 | D:6      | Killed a human
  2901 | D:6      | Reached XP level 8. HP: 21/63 MP: 8/8
  2910 | D:6      | Killed a human
  2910 | D:6      | Reached skill level 8 in Axes
  2929 | D:6      | Killed a human
  3199 | Temple   | Entered the Ecumenical Temple
  3269 | Temple   | Became a worshipper of Warmaster Okawaru
  3324 | D:6      | Noticed a human
  3374 | D:6      | Killed a human
  3374 | D:6      | Reached XP level 9. HP: 16/72 MP: 9/9
  3662 | D:6      | Reached skill level 9 in Axes
  3792 | D:6      | Noticed Blork the orc
  3806 | D:5      | Entered Level 5 of the Dungeon
  4007 | D:4      | Found a transporter.
  4020 | D:4      | Found a sparkling altar of Nemelex Xobeh.
  4043 | D:4      | Found a transporter.
  4387 | D:4      | Reached * piety under Okawaru
  4606 | D:4      | Found Hatuynka's Armour Emporium.
  5028 | D:5      | Found a burning altar of Makhleb.
  5030 | D:5      | Noticed a green death
  5073 | D:5      | Reached skill level 10 in Axes
  5291 | D:5      | Reached ** piety under Okawaru
  5354 | D:5      | Found a bloodstained altar of Trog.
  5386 | D:5      | Noticed an orange demon
  5386 | D:5      | Noticed a hellwing
  5487 | D:6      | Reached XP level 10. HP: 74/83 MP: 10/10
  5488 | D:6      | Killed Blork the orc
  5777 | D:6      | Found a shimmering altar of Xom.
  6068 | D:7      | Found a hazy altar of Hepliaklqana.
  6199 | D:7      | Found a snail-covered altar of Cheibriados.
  6399 | D:7      | Found a sacrificial altar of Ru.
  6416 | D:7      | Reached skill level 10 in Fighting
  6493 | D:7      | Reached skill level 11 in Axes
  6495 | D:7      | Reached *** piety under Okawaru
  6952 | D:7      | Found a hide-covered altar of Uskayaw.
  6952 | D:7      | Found a shimmering blue altar of Sif Muna.
  7437 | D:8      | Noticed Pikel
  7453 | D:8      | Killed Pikel
  7460 | D:8      | Reached **** piety under Okawaru
  8482 | D:9      | Reached XP level 11. HP: 76/93 MP: 11/11
  8534 | D:8      | Reached skill level 12 in Axes
  9000 | D:9      | Reached ***** piety under Okawaru
  9072 | D:9      | Noticed a two-headed ogre
  9096 | D:8      | Mangled by a two-headed ogre

Levels and vault maps discovered:
D:1:      ldierk_walled_garden_2, layout_basic, corexii_leaking_fountain
D:2:      minmay_kobold_bridge, layout_basic, tso_altar,
          nicolae_dithmenos_through_a_glass_darkly, lemuel_old_faithful
D:3:      layout_loops_ring, lemuel_round_altar,
          lemuel_zombie_altar_kikubaaqudgha, chequers_serial_rivers_room_a,
          chequers_garden, uniq_ijyb, uniq_terence
D:4:      layout_basic, gammafunk_temple_overflow_arena, serial_shops,
          kennysheep_mini_moat, minmay_misc_feat_enclosed
D:5:      layout_cave_pools, bloody_trog, first_ration,
          makhleb_altar_promises_db
D:6:      corexii_shantytown, layout_rooms, lemuel_round_altar,
          minmay_temple_entry_oklob, minmay_ruffians, uniq_blork_the_orc,
          uniq_duvessa
D:7:      layout_loops_corners, slow_altar_1, marbit_many_paths,
          old_standard_altar, gammafunk_temple_overflow_wave, the_bakery,
          minmay_manual_moon
D:8:      layout_rooms, uniq_pikel
D:9:      layout_basic
Temple:   kb_temple_of_zot

Skill      XL: |  1  2  3  4  5  6  7  8  9 10 11 |
---------------+----------------------------------+-----
Axes           | 3 4 5 6 7 8 10 11 12 | 12.2
Fighting       | 5 7 9 11 | 11.7
Armour         | |  3.2
Shields        | |  3.6

Action                   |  1- 3 |  4- 6 |  7- 9 | 10-12 || total
-------------------------+-------+-------+-------+-------++-------
Melee: War axe           |    69 |   171 |   319 |   385 ||   944
Throw: Javelin           |       |       |    10 |       ||    10
  Use: Potion            |       |       |     2 |     5 ||     7
       Scroll            |       |       |     6 |       ||     6
 Stab: Distracted        |       |       |       |     1 ||     1
  Eat: Chunk             |       |     6 |     6 |    10 ||    22
       Ration            |       |       |     1 |     1 ||     2
Armor: Scale mail        |    37 |    51 |       |       ||    88
       Chain mail        |       |    44 |   121 |   180 ||   345
Dodge: Dodged            |    28 |    45 |    70 |    95 ||   238
Block: Shield            |    34 |    97 |   145 |   178 ||   454
